[Event "*** Titled Tuesday Blitz"]
[Site "Chess.com"]
[Date "2019.04.02"]
[Round "4"]
[White "fm_magua"]
[Black "Koksik_13"]
[Result "1-0"]
[WhiteElo "2518"]
[BlackElo "2646"]
[TimeControl "180+2"]
[EndTime "14:48:03 PDT"]
[Termination "fm_magua won by checkmate"]

1. e4 e6 2. d3 d5 3. Nd2 Nf6 4. Ngf3 b6 5. g3 dxe4 6. dxe4 Bc5 7. Bg2 Ba6 8. c4 Qd3 9. Qe2 Qxe2+ 10. Kxe2 Nc6 11.
b3 O-O-O 12. Bb2 Rhe8 13. Rad1 e5 14. Rhe1 Nd4+ 15. Nxd4 Bxd4 16. Bxd4 exd4 17. Kd3 c5 18. f4 Kc7 19. h3 Bb7 20. Re2 Nd7 21. e5 Bxg2 22.
Rxg2 f6 23. exf6 Re3+ 24. Kc2 Nxf6 25. Nf1 Re7 26. g4 Rde8 27. Ng3 g6 28. Rd3 Ne4 29. Nxe4 Rxe4 30. Rf2 Re2+ 31. Rd2 R2e3 32. Rd3 Rxd3 33. Kxd3 Re3+ 34. Kd2 Rxh3 35. f5 gxf5 36. Rxf5 Rh2+ 37.
Kd3 Rxa2 38. Rf7+ Kb8 39. Rxh7 Rb2 40. g5 Rxb3+ 41. Ke4 Rg3 42. Rg7 d3 43. Kd5 Kc8 44. Kc6 Kd8 45. g6 Ke8 46. Kd6 d2 47. Rg8# 1-0

[Event "*** Titled Tuesday Blitz"]
[Site "Chess.com"]
[Date "2019.04.02"]
[Round "4"]
[White "JSPrepz"]
[Black "IMDT02"]
[Result "0-1"]
[WhiteElo "2709"]
[BlackElo "2437"]
[TimeControl "180+2"]
[EndTime "14:48:06 PDT"]
[Termination "IMDT02 won by checkmate"]

1. f4 d5 2. c3 Nf6 3. d3 Nc6 4.
Kf2 e5 5. Ke3 Ng4+ 6. Kd2 Nf2 7.
Qe1 Nxh1 8. fxe5 Nxe5 9. g3 g6 10. Bg2 Bh6+ 11. Kc2 Bxc1 12. Kxc1 Qg5+ 13. Nd2 Qe3 14.
Kc2 Nf2 15. Nf1 Qb6 16. h3 O-O 17. Nd2 Bf5 18. Bf1 Rfe8 19. Qc1 Nfxd3 20. exd3 Qxg1 21.
g4 Bd7 22. a4 Qf2 23. Qd1 d4 24. c4 h5 25. Kb3 Bc6 26. gxh5 Qe3 27. hxg6 fxg6 28.
Ka2 Nxd3 29. Nb3 Nf4 30. Ka3 Rad8 31. Qg4 Bf3 32. Qg5 Rd6 33. c5 Bd5 34. Qxd5+ Rxd5 35. Bc4 Kg7 36. h4 Rxc5 37. Kb4 Rxc4+ 38. Kxc4 Qe6+ 39. Kb4 Nd3+ 40. Ka3 Qc4 41. Nd2 Qb4+ 42. Ka2 Qxb2# 0-1

[Event "*** Titled Tuesday Blitz"]
[Site "Chess.com"]
[Date "2019.04.02"]
[Round "4"]
[White "lucasran"]
[Black "SF-96"]
[Result "1-0"]
[WhiteElo "2412"]
[BlackElo "2541"]
[TimeControl "180+2"]
[EndTime "14:48:08 PDT"]
[Termination "lucasran won by resignation"]

1. c4 Nf6 2. Nf3 g6 3. Nc3 d5 4. cxd5 Nxd5 5. g3 Bg7 6. Bg2 Nb6 7. O-O O-O 8. d4 Nc6 9. Bf4 Bg4 10. Ne5 Nxe5 11. Bxe5 Bxe5 12. dxe5 c6 13. b3 Qc7 14. f4 Rfd8 15. Qc2 Rac8 16. h3 Be6 17. Rad1 Nd5 18. Nxd5 cxd5 19. Qxc7 Rxc7 20. Rd2 d4 21. Rfd1 Rcd7 22. Kf2 f6 23. exf6 exf6 24. e3 d3 25. e4 f5 26. e5 a5 27. Ke3 a4 28. Rxd3 axb3 29. Rxd7 Rxd7 30. Rxd7 Bxd7 1-0

[Event "*** Titled Tuesday Blitz"]
[Site "Chess.com"]
[Date "2019.04.02"]
[Round "4"]
[White "INLOVEWITHF"]
[Black "cyber-alekhine2"]
[Result "1-0"]
[WhiteElo "2271"]
[BlackElo "2163"]
[TimeControl "180+2"]
[EndTime "14:48:10 PDT"]
[Termination "INLOVEWITHF won by resignation"]

1. e4 c5 2. Nf3 d6 3. d4 cxd4 4. Nxd4 Nf6 5. Nc3 g6 6. f3 Bg7 7. Be3 O-O 8. Qd2 Nc6 9. g4 Bxg4 10. fxg4 Nxg4 11. Nxc6 bxc6 12. Bd4 e5 13. Bg1 Rb8 14. h3 Qh4+ 15. Kd1 Rxb2 16. Bc4 d5 17. Bb3 d4 18. Na4 Ne3+ 19. Kc1 Qxe4 20. Nxb2 Qxh1 21. Qe1 Bh6 22. Kb1 Ng2 23. Qd1 Be3 24. Bxe3 Qxd1+ 25. Nxd1 dxe3 26.
Nc3 Nf4 27. Kb2 Rd8 28. Re1 Nxh3 29. Rxe3 Nf4 30. Rxe5 Kf8 31. Re4 g5 32. Re5 f6 33.
Rc5 Rd6 34. Ne4 Rd2 35. Rxc6 Re2 36. Nxf6 h5 37. Nh7+ Ke8 38. Nxg5 Nd3+ 39. Kc3 Nb4 40. Kxb4 1-0

[Event "*** Titled Tuesday Blitz"]
[Site "Chess.com"]
[Date "2019.04.02"]
[Round "4"]
[White "2nd_life"]
[Black "ChessQueen"]
[Result "0-1"]
[WhiteElo "2447"]
[BlackElo "2671"]
[TimeControl "180+2"]
[EndTime "14:48:11 PDT"]
[Termination "ChessQueen won on time"]

1. e4 c5 2. Nf3 Nc6 3. Bb5 g6 4. Bxc6 dxc6 5. d3 Nf6 6. h3 Qc7 7. Be3 Nd7 8. O-O Bg7 9. Qc1 b6 10. Bh6 Bf6 11. Re1 e5 12. c3 Ba6 13. d4 cxd4 14.
cxd4 O-O-O 15. Bg5 exd4 16. Bxf6 Nxf6 17. e5 Nd5 18. a3 c5 19. Nbd2 Nf4 20. Qc2 Nd3 21. Re4 Rhe8 22. Qa4 Bb7 23. Rh4 Kb8 24. Rxh7 Nxe5 25. Nxe5 Rxe5 26. Nc4 Re7 27. Qc2 Rde8 28. Qd3 Re1+ 0-1

[Event "*** Titled Tuesday Blitz"]
[Site "Chess.com"]
[Date "2019.04.02"]
[Round "4"]
[White "Konavets"]
[Black "nabukatnezarr"]
[Result "1-0"]
[WhiteElo "2804"]
[BlackElo "2572"]
[TimeControl "180+2"]
[EndTime "14:48:17 PDT"]
[Termination "Konavets won by resignation"]

1. e4 c6 2. d4 d5 3. Bd3 dxe4 4. Bxe4 Nf6 5. Bf3 Bf5 6. Nc3 e6 7.
Nge2 h6 8. Nf4 Bd6 9. O-O O-O 10. Re1 Nbd7 11. g3 Qc7 12. Nh5 Nxh5 13. Bxh5 Nf6 14.
Bf3 Rad8 15. Qe2 Rfe8 16. Be3 b5 17. Rad1 a5 18. Bg2 Bg4 19. Bf3 Bf5 20. a3 Rb8 21. h4 Bh7 22. g4 b4 23. axb4 axb4 24.
Na4 Nd5 25. Bc1 e5 26. g5 exd4 27. Qxe8+ Rxe8 28. Rxe8+ Bf8 29. Rde1 Bxc2 30. gxh6 gxh6 31. Bxh6 Bxa4 32. Be4 f5 33. Bxf5 Qg7+ 34. Bxg7 Kxg7 35. Ra8 Bb5 36. Re6 Nf4 37. Ra7+ Kg8 38. Bh7+ Kh8 39. Re8 1-0

[Event "*** Titled Tuesday Blitz"]
[Site "Chess.com"]
[Date "2019.04.02"]
[Round "4"]
[White "vgyogi"]
[Black "Keures"]
[Result "1-0"]
[WhiteElo "2149"]
[BlackElo "2158"]
[TimeControl "180+2"]
[EndTime "14:48:17 PDT"]
[Termination "vgyogi won by checkmate"]

1. d4 Nf6 2. Bg5 d5 3. Bxf6 gxf6 4. e3 c5 5. dxc5 Qa5+ 6. c3 Qxc5 7. Nd2 e5 8. Ngf3 Nc6 9. Qa4 Bd7 10. Qh4 Be7 11.
Nb3 Qb6 12. Be2 a5 13. Qh6 a4 14. Nbd2 O-O-O 15. b4 d4 16. cxd4 exd4 17. O-O dxe3 18. fxe3 Rde8 19. Rfc1 Bxb4 20. Nc4 Qa7 21. a3 Be7 22.
Rab1 Kb8 23. Nb6 Bf5 24. Qf4+ Ne5 25. Nxe5 Bd6 26. Ned7+ Bxd7 27. Qxd6# 1-0

[Event "*** Titled Tuesday Blitz"]
[Site "Chess.com"]
[Date "2019.04.02"]
[Round "4"]
[White "NemtsevIgor"]
[Black "eldur16"]
[Result "0-1"]
[WhiteElo "2317"]
[BlackElo "2501"]
[TimeControl "180+2"]
[EndTime "14:48:19 PDT"]
[Termination "eldur16 won by resignation"]

1. d3 g6 2. c3 Bg7 3. Nd2 d5 4. Qa4+ c6 5. h3 Nf6 6. g4 h5 7. g5 Nfd7 8. h4 O-O 9. Ngf3 e5 10. Bg2 Nc5 11. Qc2 Bf5 12. Bh3 Bxh3 13. Rxh3 Nbd7 14. b4 Ne6 15. Nf1 a5 16. b5 Re8 17. a4 e4 18. dxe4 dxe4 19. N3d2 Ndc5 20. Nc4 cxb5 21.
axb5 a4 22. Ba3 Nb3 23. Rd1 Qc7 24. Nd6 Red8 25. Re3 Nf4 26. Qxe4 Bxc3+ 27. Rxc3 Qxc3+ 28. Nd2 Nxd2 29. Rxd2 Qxa3 30. Qxf4 Qc1+ 31. Rd1 Qxf4 0-1

[Event "*** Titled Tuesday Blitz"]
[Site "Chess.com"]
[Date "2019.04.02"]
[Round "4"]
[White "wonderfultime"]
[Black "SoltaniciR"]
[Result "1-0"]
[WhiteElo "2904"]
[BlackElo "2598"]
[TimeControl "180+2"]
[EndTime "14:48:20 PDT"]
[Termination "wonderfultime won by resignation"]

1. d4 Nf6 2. Nf3 e6 3. Bf4 d5 4.
e3 c5 5. c3 Bd6 6. Bg3 Qc7 7. Nbd2 Nbd7 8. c4 cxd4 9. Nxd4 Bxg3 10. hxg3 a6 11. Rc1 Qa5 12. a3 dxc4 13. Bxc4 Ne5 14.
O-O O-O 15. Ba2 Bd7 16. N2b3 Qb6 17. Qd2 Rac8 18. Qa5 Qxa5 19. Nxa5 b6 20. Nc4 Nxc4 21. Bxc4 b5 22. Be2 Rxc1 23. Rxc1 Rc8 24. Rd1 Kf8 25.
f4 Ke7 26. Bf3 Rc7 27. e4 Rc5 28. e5 Nd5 29. Bxd5 Rxd5 30. Nf5+ Kf8 31. Rxd5 exd5 32. Nd4 Ke7 33. b4 Bg4 34. Kf2 f6 35. Ke3 g5 36. Nb3 fxe5 37. fxe5 Ke6 38. Kd4 Be2 39. Nc5+ Kf5 40. Kxd5 Bf1 41. Kd6 Bxg2 42. e6 1-0

[Event "*** Titled Tuesday Blitz"]
[Site "Chess.com"]
[Date "2019.04.02"]
[Round "4"]
[White "DrRiebert"]
[Black "cholzan"]
[Result "1-0"]
[WhiteElo "2559"]
[BlackElo "2450"]
[TimeControl "180+2"]
[EndTime "14:48:26 PDT"]
[Termination "DrRiebert won by resignation"]

1. e4 e6 2. d4 d5 3. Nc3 Bb4 4. e5 c5 5. a3 Bxc3+ 6. bxc3 Ne7 7. Qg4 Qc7 8. Qxg7 Rg8 9. Qxh7 cxd4 10. Ne2 Nbc6 11.
f4 dxc3 12. h4 Bd7 13. h5 O-O-O 14. Qd3 d4 15. Rb1 Nf5 16. Rg1 Nh6 17. Nxd4 Nxd4 18.
Qxd4 Bc6 19. Qxa7 Qd7 20. Be3 Qd5 21. Be2 Rxg2 22. Rxg2 Qxg2 23. Qa8+ Kd7 24. Rd1+ Bd5 25. Bb5+ Kc7 26. Qa5+ Kc8 27. Qxc3+ Kb8 28. Qa5 Qh1+ 29. Bf1 Rg8 30. c4 Nf5 31. Qa7+ Kc8 32. cxd5 Nxe3 33. Rc1+ 1-0

[Event "*** Titled Tuesday Blitz"]
[Site "Chess.com"]
[Date "2019.04.02"]
[Round "4"]
[White "Ginger_GM"]
[Black "ShimanovAlex"]
[Result "0-1"]
[WhiteElo "2605"]
[BlackElo "2851"]
[TimeControl "180+2"]
[EndTime "14:48:27 PDT"]
[Termination "ShimanovAlex won by resignation"]

1. d4 d5 2. c4 e6 3. Nc3 Nf6 4. Nf3 dxc4 5. e4 b5 6. e5 Nd5 7.
Nxb5 Nb6 8. Be2 Bb7 9. O-O Be7 10.
Qd2 Nc6 11. Qf4 Qd7 12. Rd1 g5 13. Nxg5 Bxg5 14. Qxg5 Ne7 15. d5 O-O-O 16. d6 Nf5 17. Nxc7 Rhg8 18. Qf4 Rxg2+ 19. Kf1 Rdg8 20. Bf3 Bxf3 21.
Qxf3 c3 22. bxc3 Qa4 23. Bf4 Qc4+ 24. Qd3 Qxf4 25. d7+ Kd8 0-1

[Event "*** Titled Tuesday Blitz"]
[Site "Chess.com"]
[Date "2019.04.02"]
[Round "4"]
[White "Gabrielian_Artur"]
[Black "Gentlejimmy7"]
[Result "1-0"]
[WhiteElo "2738"]
[BlackElo "2425"]
[TimeControl "180+2"]
[EndTime "14:48:29 PDT"]
[Termination "Gabrielian_Artur won by resignation"]

1. e4 e5 2. Nf3 Nc6 3. Bc4 Bc5 4. d3 Nf6 5. Bg5 h6 6. Bh4 d6 7. c3 g5 8. Bg3 Bg4 9. Nbd2 Qd7 10. a4 a5 11. Bb5 Bb6 12. Nc4 O-O-O 13. Nxb6+ cxb6 14. h3 Bh5 15. b4 Kb8 16. bxa5 bxa5 17. Rb1 Ka8 18. Qb3 Bxf3 19. gxf3 Rb8 20. d4 Rhe8 21.
d5 Qc8 22. h4 g4 23. Qd1 Ne7 24. Bxe8 Qxc3+ 25. Kf1 Rxe8 26. Kg2 h5 27. Rb3 Qc4 28. Re1 Rc8 29. Rb5 Kb8 30. Re3 Ng6 31. Reb3 Rg8 32. Rxb7+ Ka8 33. R7b5 gxf3+ 34. Kh1 Qxa4 35. Rb8+ Ka7 36. R3b7+ Ka6 37. Qxa4 1-0

[Event "*** Titled Tuesday Blitz"]
[Site "Chess.com"]
[Date "2019.04.02"]
[Round "4"]
[White "PaulfromSPb"]
[Black "Maitreia"]
[Result "1-0"]
[WhiteElo "2654"]
[BlackElo "2673"]
[TimeControl "180+2"]
[EndTime "14:48:34 PDT"]
[Termination "PaulfromSPb won by resignation"]

1. e4 c5 2. Ne2 Nc6 3. d4 cxd4 4.
Nxd4 g6 5. c4 Nf6 6. Nc3 Nxd4 7.
Qxd4 d6 8. b3 Bg7 9. Bb2 O-O 10.
Qd3 Be6 11. Be2 Qa5 12. Rc1 a6 13. O-O Rfc8 14. Bf3 Rab8 15. a4 Nd7 16. Bd1 b5 17.
axb5 axb5 18. Ra1 Qb6 19. cxb5 Nc5 20. Qe2 Bxb3 21. Bxb3 Nxb3 22. Nd5 Nd4 23. Bxd4 Qxd4 24. Nxe7+ Kh8 25. Nxc8 Rxc8 26. Rad1 Qb4 27. g3 h5 28. h4 Rc4 29. Rb1 Qc5 30. b6 Rc2 31. Qxc2 1-0

[Event "*** Titled Tuesday Blitz"]
[Site "Chess.com"]
[Date "2019.04.02"]
[Round "4"]
[White "LaughingTiger"]
[Black "PawnEatingZombie"]
[Result "0-1"]
[WhiteElo "2164"]
[BlackElo "2163"]
[TimeControl "180+2"]
[EndTime "14:48:34 PDT"]
[Termination "PawnEatingZombie won by resignation"]

1. d4 d5 2. Nf3 e6 3. c4 dxc4 4. e4 b5 5. a4 c6 6. axb5 cxb5 7. Nc3 Bb4 8. Bd2 Bxc3 9. Bxc3 a5 10. d5 Nf6 11.
dxe6 Qxd1+ 12. Rxd1 fxe6 13. Bxf6 gxf6 14. Nd4 Bd7 15.
Be2 Na6 16. f4 Nc5 17. Bf3 Nd3+ 18. Ke2 Nxf4+ 19. Ke3 e5 20. Nf5 Bxf5 21. exf5 Rd8 22. Bc6+ Ke7 23. Bxb5 Nxg2+ 24. Ke4 Nf4 25. Bxc4 Rxd1 26.
Rxd1 Rd8 27. Rxd8 Kxd8 28. Bg8 h6 29. Bc4 Kc7 30. b3 Kd6 31. Kf3 Kc5 32. Kg4 Kb4 33. Bf7 Kc3 34. Be6 Kd4 35. h4 Ke3 36. Bc4 e4 37. h5 Nd3 38. Ba6 Kd2 39. Bb5 e3 40. b4 axb4 0-1

[Event "*** Titled Tuesday Blitz"]
[Site "Chess.com"]
[Date "2019.04.02"]
[Round "4"]
[White "ENEASZ"]
[Black "Maili15"]
[Result "1-0"]
[WhiteElo "2433"]
[BlackElo "2277"]
[TimeControl "180+2"]
[EndTime "14:48:36 PDT"]
[Termination "ENEASZ won by resignation"]

1. e4 c5 2. c3 d5 3. exd5 Qxd5 4. d4 Nf6 5. Nf3 e6 6. Na3 Qd8 7. Nc2 Nc6 8. Be2 Be7 9. O-O O-O 10. Bg5 cxd4 11. Ncxd4 Nxd4 12. Nxd4 Nd5 13. Bxe7 Qxe7 14. Bf3 Bd7 15. Bxd5 exd5 16. Qf3 Qg5 17. Rad1 Rad8 18. Qg3 Qxg3 19. hxg3 Rfe8 20. f3 Bc6 21. g4 g6 22.
Rfe1 Kf8 23. Rxe8+ Rxe8 24. Kf2 Ke7 25. Re1+ Kd7 26.
Rxe8 Kxe8 27. g5 Ke7 28. Ke3 Kd6 29. f4 Bd7 30. Nf3 Kc5 31. Ne5 Be6 32. g3 b5 33.
Nd3+ Kd6 34. Kd4 Bf5 35. Ne5 Be6 36. b4 a6 37. a3 Ke7 38. Kc5 f6 39. Nc6+ Kf7 40.
Nd8+ Ke7 41. Nxe6 Kxe6 42. gxf6 Kxf6 43. Kxd5 Kf5 44. c4 bxc4 45. Kxc4 Kg4 46. a4 Kxg3 47. b5 axb5+ 48. axb5 h5 49. b6 h4 50. b7 h3 51.
b8=Q h2 52. f5+ Kg2 53. Qxh2+ 1-0

[Event "*** Titled Tuesday Blitz"]
[Site "Chess.com"]
[Date "2019.04.02"]
[Round "4"]
[White "Alexander_Donchenko"]
[Black "sergeikim"]
[Result "1-0"]
[WhiteElo "2842"]
[BlackElo "2577"]
[TimeControl "180+2"]
[EndTime "14:48:36 PDT"]
[Termination "Alexander_Donchenko won on time"]

1. e4 e5 2. Nf3 Nc6 3. Bb5 a6 4. Ba4 Nf6 5. O-O Be7 6. Re1 b5 7. Bb3 O-O 8. d3 d6 9. a3 Be6 10. Bxe6 fxe6 11. Nbd2 Qe8 12. Nf1 Nh5 13. c3 Nf4 14. d4 Qg6 15. Bxf4 Rxf4 16. dxe5 Nxe5 17. Nxe5 dxe5 18. b4 Raf8 19. Re2 Rxe4 20. Ng3 Rxe2 21.
Qxe2 Bd6 22. Rd1 Rf4 23. h3 h6 24. Rd3 Kh7 25. Re3 Rc4 26. Ne4 Qf5 27. Qd3 Kg8 28. a4 Bf8 29. a5 Qg6 30. Kh2 Qf5 31. Rf3 Qxe4 32. Qd8 Qf4+ 33. Rxf4 exf4 34. Qc8 1-0

[Event "*** Titled Tuesday Blitz"]
[Site "Chess.com"]
[Date "2019.04.02"]
[Round "4"]
[White "ilm2034"]
[Black "ElGasanov"]
[Result "0-1"]
[WhiteElo "2424"]
[BlackElo "2673"]
[TimeControl "180+2"]
[EndTime "14:48:36 PDT"]
[Termination "ElGasanov won by resignation"]

1. d4 d6 2. c4 e5 3. d5 f5 4. e4 Nf6 5. Nc3 Be7 6. exf5 Bxf5 7. Nge2 Nbd7 8. Ng3 Bg6 9. Bd3 Bxd3 10. Qxd3 Nc5 11. Qe2 O-O 12. Be3 Nfd7 13. O-O-O Bg5 14.
h4 Bxe3+ 15. fxe3 Qf6 16. Nce4 Qg6 17. h5 Qh6 18. Rdf1 a5 19. Nxc5 Nxc5 20. Nf5 Qg5 21. g4 e4 22. Kb1 a4 23. a3 Rf7 24. Rf4 Raf8 25. Rhf1 g6 26. Nd4 Rxf4 27. exf4 Rxf4 28. hxg6 hxg6 29. Rh1 Qf6 30. Qe3 Rf1+ 31. Rxf1 Qxf1+ 32. Ka2 Qxc4+ 33. Kb1 Nb3 34. Nc2 Qxd5 35. Qh6 Qd1+ 36.
Ka2 Nc1+ 37. Kb1 Ne2+ 38. Ka2 Nc3+ 39. bxc3 Qxc2+ 40. Ka1 Qxc3+ 41. Ka2 Qb3+ 42. Ka1 Qxa3+ 43. Kb1 Qb3+ 44. Ka1 Qc3+ 45. Kb1 Qf6 46. g5 Qf5 47.
Ka1 e3 48. Qh2 Qe5+ 0-1

[Event "*** Titled Tuesday Blitz"]
[Site "Chess.com"]
[Date "2019.04.02"]
[Round "4"]
[White "Chessialist"]
[Black "chessdjw"]
[Result "1-0"]
[WhiteElo "2523"]
[BlackElo "2617"]
[TimeControl "180+2"]
[EndTime "14:48:39 PDT"]
[Termination "Chessialist won by checkmate"]

1. e4 g6 2. h4 Bg7 3. h5 d6 4. Bc4 e6 5. d3 Nd7 6. Nc3 Ne7 7. Nf3 a6 8. a4 b6 9. Bg5 Bb7 10. Qe2 Ne5 11. Nxe5 dxe5 12. h6 Bf8 13. Bf6 Rg8 14.
Bxe5 Nc6 15. Bf4 Nd4 16. Qd2 g5 17. Be3 Rg6 18. Ne2 Nxe2 19. Qxe2 Rxh6 20. Rxh6 Bxh6 21. Qh5 Qf6 22. O-O-O Bg7 23. c3 h6 24. g3 O-O-O 25. f4 gxf4 26. gxf4 Kb8 27. e5 Qe7 28. Rg1 f6 29.
Qg6 Bh8 30. d4 c5 31. dxc5 bxc5 32. Qxh6 fxe5 33. Qxe6 Qxe6 34. Bxe6 exf4 35. Bxf4+ Ka7 36. Be3 Kb6 37. Rg6 Ka5 38. Bxc5 Kxa4 39. Bc4 Rc8 40. b3+ Ka5 41. Bb4# 1-0

[Event "*** Titled Tuesday Blitz"]
[Site "Chess.com"]
[Date "2019.04.02"]
[Round "4"]
[White "nubair1198"]
[Black "Blitzstream"]
[Result "1-0"]
[WhiteElo "2666"]
[BlackElo "2670"]
[TimeControl "180+2"]
[EndTime "14:48:40 PDT"]
[Termination "nubair1198 won by resignation"]

1. d4 Nf6 2. c4 c6 3. Nf3 d5 4. Nc3 e6 5. Bg5 h6 6. Bh4 dxc4 7. e4 g5 8. Bg3 b5 9. Be2 Nbd7 10. O-O Bb7 11. Ne5 Qb6 12. a4 a6 13. d5 cxd5 14. exd5 Nxd5 15. Nxd5 Bxd5 16. axb5 Bg7 17. Nxd7 Kxd7 18. Bxc4 Qd4 19. Bxd5 exd5 20. Qf3 Ke7 21.
Rfe1+ Kf8 22. bxa6 Bf6 23. Rad1 Qxb2 24. Re2 Qc3 25.
Re3 Qb2 26. Rb3 Qc2 27. Rb6 Bg7 28. Qxd5 Re8 29. a7 Qa4 30. Rb8 Qxa7 31. Bd6+ Kg8 32. Rxe8+ Kh7 33. Qe4+ 1-0

[Event "*** Titled Tuesday Blitz"]
[Site "Chess.com"]
[Date "2019.04.02"]
[Round "4"]
[White "chesstatour"]
[Black "1995Tiger"]
[Result "0-1"]
[WhiteElo "2009"]
[BlackElo "2055"]
[TimeControl "180+2"]
[EndTime "14:48:40 PDT"]
[Termination "1995Tiger won on time"]

1. c4 Nf6 2. Nc3 g6 3. g3 Bg7 4. Bg2 Bf8 5. Nf3 Bg7 6. d4 O-O 7. O-O c5 8. d5 d6 9. e4 e6 10. dxe6 Bxe6 11. Qe2 Nc6 12. Rd1 Bg4 13. Be3 Re8 14.
h3 Bxf3 15. Bxf3 Nd7 16. Rxd6 Nd4 17. Bxd4 cxd4 18. Nb5 Be5 19. Rd5 Qe7 20. Rd1 Nf6 21. Nxd4 Nxd5 22. cxd5 Qc5 23. Nb3 Qb6 24. Kh2 a5 25.
Bg2 a4 26. Nc1 Qxb2 27. Qe3 Rac8 28. f4 Rc2 29. Rg1 Bd4 0-1

[Event "*** Titled Tuesday Blitz"]
[Site "Chess.com"]
[Date "2019.04.02"]
[Round "4"]
[White "GelmanAlexander"]
[Black "scaryninja"]
[Result "0-1"]
[WhiteElo "2551"]
[BlackElo "2459"]
[TimeControl "180+2"]
[EndTime "14:48:40 PDT"]
[Termination "scaryninja won by resignation"]

1. d4 d5 2. Nc3 Bf5 3. Bf4 e6 4. f3 Nf6 5. g4 Bg6 6. h4 h6 7. e3 Bd6 8. Nh3 a6 9. Bd3 Bxd3 10. Qxd3 c5 11. dxc5 Bxc5 12. O-O-O Nc6 13. g5 hxg5 14. hxg5 Nd7 15. g6 f6 16. Nxd5 exd5 17. Qxd5 Qe7 18.
Bc7 Nf8 19. Nf4 Rxh1 20. Rxh1 Bxe3+ 21. Kb1 Bxf4 22. Bxf4 Rd8 23. Qg8 Kd7 24. Qb3 Kc8 25.
Qb6 Nxg6 26. Bg3 Nge5 27. a3 Nc4 28. Qb3 Nd2+ 0-1

[Event "*** Titled Tuesday Blitz"]
[Site "Chess.com"]
[Date "2019.04.02"]
[Round "4"]
[White "IIIlllII1llIl"]
[Black "Korchmar_Vasiliy"]
[Result "0-1"]
[WhiteElo "2793"]
[BlackElo "2773"]
[TimeControl "180+2"]
[EndTime "14:48:46 PDT"]
[Termination "Korchmar_Vasiliy won on time"]

1. e4 c5 2. c3 Nf6 3. e5 Nd5 4. Nf3 e6 5. d4 cxd4 6. cxd4 d6 7. Bc4 Be7 8. Qe2 O-O 9. O-O b6 10. Bd2 Bb7 11. Nc3 Nxc3 12. Bxc3 dxe5 13. Nxe5 Nd7 14. Nxf7 Rxf7 15. Qxe6 Qe8 16. Rae1 Rc8 17. Bb3 Kf8 18. d5 Rxc3 19. bxc3 Nc5 20. Qh3 Rf6 21. Qxh7 Rh6 22. Qf5+ Rf6 23. Qh3 Nxb3 24. d6 Rxd6 25. axb3 Rg6 26.
f3 Qd8 27. Qh7 Kf7 0-1

[Event "*** Titled Tuesday Blitz"]
[Site "Chess.com"]
[Date "2019.04.02"]
[Round "4"]
[White "Haykos"]
[Black "GataKamsky1974"]
[Result "0-1"]
[WhiteElo "2563"]
[BlackElo "2758"]
[TimeControl "180+2"]
[EndTime "14:48:46 PDT"]
[Termination "GataKamsky1974 won by resignation"]

1. e4 c5 2. Nf3 e6 3. g3 b6 4. Bg2 Bb7 5. Nc3 d6 6. O-O Nd7 7. Re1 Be7 8. b3 Ngf6 9. Bb2 O-O 10. d4 cxd4 11. Nxd4 Qb8 12. Qe2 a6 13. Rad1 Re8 14. Nb1 b5 15. Nd2 Qc7 16. c4 bxc4 17. Nxc4 Rac8 18. e5 dxe5 19. Nxe5 Bxg2 20. Kxg2 Nxe5 21. Qxe5 Qb7+ 22. Kg1 Bf8 23. h4 h5 24. Rd2 Bb4 25.
Qg5 Bxd2 26. Qxd2 Qd5 27. Qe2 Ng4 28. Qxa6 Ra8 29. Qd3 Rxa2 30. Qc3 e5 31. Nf5 Qe6 32. Ne3 Rc8 33. Qd2 Qxb3 34. Nxg4 Qxb2 35. Qxb2 Rxb2 36.
Nxe5 Re8 37. Nf3 Rxe1+ 38. Nxe1 Rb1 39. Kf1 f6 40. Ke2 Kf7 41. Nf3 Ke6 42. Nd4+ Ke5 43. Nf3+ Kf5 44. Nd4+ Kg4 45. Ne6 g5 46. hxg5 fxg5 47.
Ke3 Re1+ 0-1

[Event "*** Titled Tuesday Blitz"]
[Site "Chess.com"]
[Date "2019.04.02"]
[Round "4"]
[White "TheMagician"]
[Black "Thee-Chessboy"]
[Result "1-0"]
[WhiteElo "2272"]
[BlackElo "2384"]
[TimeControl "180+2"]
[EndTime "14:48:49 PDT"]
[Termination "TheMagician won by resignation"]

1. b3 Nf6 2. Bb2 g6 3. Bxf6 exf6 4. c4 Bg7 5. Nc3 O-O 6. g3 f5 7. Bg2 c6 8. Rc1 a5 9. d4 Re8 10. e3 f4 11. gxf4 d6 12. Nge2 Qh4 13. O-O Bg4 14. Qd2 Nd7 15. f3 Bh3 16. e4 Bxg2 17. Kxg2 Nf6 18.
Ng3 Bh6 19. Nce2 a4 20. b4 d5 21. cxd5 cxd5 22. e5 Nh5 23. Nxh5 Qxh5 24. Rc5 Rad8 25.
Rfc1 Bf8 26. Rc7 Rb8 27. a3 Qf5 28. Ng3 Qe6 29. R1c2 h5 30. f5 gxf5 31. Qg5+ Qg6 32. Qxh5 f4 33. Qxg6+ fxg6 34. Ne2 Bh6 35. h4 g5 36. hxg5 Bxg5 37. Rd7 Red8 38. Rcc7 Rxd7 39. Rxd7 Rc8 40. Kh3 Rc2 41. Kg4 Rxe2 42. Kxg5 Ra2 43.
Kg6 Kf8 44. Kf6 Ke8 45. e6 Rxa3 46. Rxb7 Kd8 47. e7+ 1-0

[Event "*** Titled Tuesday Blitz"]
[Site "Chess.com"]
[Date "2019.04.02"]
[Round "4"]
[White "sere99"]
[Black "Alex_Terzi"]
[Result "1-0"]
[WhiteElo "2290"]
[BlackElo "2416"]
[TimeControl "180+2"]
[EndTime "14:48:50 PDT"]
[Termination "sere99 won by checkmate"]

1. d4 Nf6 2. c4 g6 3. Nf3 Bg7 4. g3 O-O 5. Bg2 d6 6. O-O Nc6 7. Nc3 Bf5 8. Ne1 Na5 9. e4 Bg4 10. f3 Be6 11. b3 c5 12. Nc2 a6 13. Be3 Qc7 14. Qd2 Rfd8 15. Nd5 Nxd5 16. cxd5 Bd7 17. dxc5 dxc5 18. Rac1 b5 19. Qf2 Rdc8 20. b4 Bb2 21.
bxa5 Bxc1 22. Bxc1 Qxa5 23. Ne3 c4 24. d6 exd6 25. Nd5 Be6 26. Qd4 Bxd5 27. Bh6 f6 28. Qxd5+ Kh8 29. Qf7 Qc7 30. Bg7# 1-0

[Event "*** Titled Tuesday Blitz"]
[Site "Chess.com"]
[Date "2019.04.02"]
[Round "4"]
[White "swisspower96"]
[Black "m3alam"]
[Result "0-1"]
[WhiteElo "2588"]
[BlackElo "2420"]
[TimeControl "180+2"]
[EndTime "14:48:50 PDT"]
[Termination "m3alam won by resignation"]

1. e4 c6 2. d4 d5 3. exd5 cxd5 4.
Bd3 Nc6 5. c3 Nf6 6. Bf4 g6 7.
Nf3 Bg7 8. O-O Nh5 9. Be3 O-O 10. h3 Qd6 11. Qd2 Bf5 12. Bxf5 gxf5 13. Qd3 e6 14. Na3 a6 15. c4 Qc7 16. cxd5 Nb4 17. d6 Qxd6 18. Qb3 b5 19. Rac1 Nd5 20. Rc5 Nhf6 21. Rfc1 Ne4 22. Rc6 Qd7 23. Ne5 Qe7 24. Nc2 f4 25. f3 Ng3 26. Bd2 Ne2+ 27. Kf1 Nxc1 28. Bxc1 Rfc8 29. Rxc8+ Rxc8 30. Bd2 Bxe5 31. dxe5 Qc5 32.
Ne1 Ne3+ 33. Bxe3 Qxe3 34. Qxe3 fxe3 35. Ke2 Rc1 36. Nd3 Rc2+ 37. Kxe3 Rxg2 38. Kd4 Rh2 39.
f4 Rxh3 40. Nc5 h5 41. Nxa6 Rg3 42. Nb4 h4 43. Nd3 Rxd3+ 0-1

[Event "*** Titled Tuesday Blitz"]
[Site "Chess.com"]
[Date "2019.04.02"]
[Round "4"]
[White "Sanyura"]
[Black "ZeroRealtorFade"]
[Result "1-0"]
[WhiteElo "2434"]
[BlackElo "2261"]
[TimeControl "180+2"]
[EndTime "14:48:50 PDT"]
[Termination "Sanyura won by resignation"]

1. Nf3 Nf6 2. g3 g6 3. Bg2 Bg7 4. O-O O-O 5. d3 d6 6. Nbd2 c6 7. e4 Qc7 8. Qe2 Nbd7 9. Re1 e5 10. h4 a5 11. a4 b6 12. b3 Ba6 13. Nf1 Rfe8 14.
N1h2 d5 15. Ng5 dxe4 16. Nxe4 Nxe4 17. Qxe4 f5 18. Qxc6 Qxc6 19. Bxc6 Rad8 20. Ba3 e4 21. Rad1 Bc3 22. Bxd7 Rxd7 23. dxe4 Rc7 24. Re3 fxe4 25. Nf3 Rcc8 26. Ng5 h6 27. Nxe4 Kg7 28. Rd7+ Kh8 29. Nxc3 Rxe3 30. fxe3 Rxc3 31. Bb2 1-0

[Event "*** Titled Tuesday Blitz"]
[Site "Chess.com"]
[Date "2019.04.02"]
[Round "4"]
[White "Phurba13"]
[Black "PowerThinking2650"]
[Result "0-1"]
[WhiteElo "2241"]
[BlackElo "2387"]
[TimeControl "180+2"]
[EndTime "14:48:51 PDT"]
[Termination "PowerThinking2650 won by resignation"]

1. e4 e5 2. Nf3 Nc6 3. Bc4 Nf6 4. d3 h6 5. c3 d6 6. Bb3 g6 7. Nbd2 Bg7 8. Nf1 O-O 9. Ng3 Kh7 10. Qe2 d5 11. h3 d4 12. O-O a5 13. a4 Nd7 14.
Bd2 Nc5 15. Bc4 Be6 16. Bxe6 fxe6 17. Ne1 Qd6 18. b4 Nb3 19. Rb1 Nxd2 20. Qxd2 dxc3 21.
Qxc3 axb4 22. Qc4 Rxa4 23. Nc2 Rd8 24. Rfd1 Rf8 25. Nf1 Nd4 26. Rd2 b5 0-1